General information
- name: BNet
- type: Ladder team game (AT/RT)
- host: Battle.net
- saver: timg4strOK
map: GnollWood
- players: 4
- length: 17:32
- speed: Fast
- version: 1.23 W3XP
- replay type:

» download(128 KB)
Players
team 1 (winner)

»
Rush[yyz] (
red | 123 APM | 2153 actions | 17:32)
5 Priestess of the Moon
2 Searing Arrows
3 Trueshot Aura
» actions
| Assign group hotkey | 63 | |
| Basic commands | 166 | |
| Build / train | 51 | |
| Enter build submenu | 13 | |
| Enter hero's abilities submenu | 6 | |
| Right click | 1123 | |
| Select / deselect | 203 | |
| Select group hotkey | 466 | |
| Use ability | 62 | |
2153 total
» units
| Wisp | 12 | |
| Huntress | 16 | |
| Dryad | 2 | |
| Druid of the Claw | 5 | |
35 total
» upgrades
| Strength of the Moon | 1 | |
| Druid of the Claw Training | 2 | |
| Mark of the Claw | 1 | |
4 total
» buildings
| Altar of Elders | 1 | |
| Moon Well | 5 | |
| Hunter's Hall | 1 | |
| Ancient of War | 2 | |
| Tree of Ages | 1 | |
| Tree of Eternity | 1 | |
| Ancient of Lore | 2 | |
| Ancient of Wonders | 1 | |
14 total
» build order
00:12 Altar of Elders
00:19 Moon Well
01:53 Hunter's Hall
01:56 Ancient of War
02:08 Ancient of War
02:24 Moon Well
02:36 Moon Well
05:33 Moon Well
08:06 Tree of Ages
11:10 Tree of Eternity
11:14 Ancient of Lore
11:56 Ancient of Lore
12:49 Ancient of Wonders
14:54 Moon Well
» items
| Scroll of Town Portal | 1 | |
| Potion of Lesser Invulnerability | 1 | |
2 total

»
timg4strOK (
blue | 162 APM | 2841 actions | 17:32)
5 Death Knight
3 Death Coil
2 Unholy Aura
3 Lich
2 Frost Nova
1 Frost Armor
» actions
| Assign group hotkey | 31 | |
| Basic commands | 70 | |
| Build / train | 48 | |
| ESC pressed | 1 | |
| Enter build submenu | 13 | |
| Enter hero's abilities submenu | 8 | |
| Give item / drop item | 2 | |
| Right click | 1424 | |
| Select / deselect | 270 | |
| Select group hotkey | 911 | |
| Use ability | 63 | |
2841 total
» units
| Acolyte | 2 | |
| Ghoul | 2 | |
| Crypt Fiend | 16 | |
| Obsidian Statue | 3 | |
| Mud Golem | 1 | |
24 total
» upgrades
| Creature Attack | 2 | |
| Creature Carapace | 2 | |
| Web | 1 | |
| Destroyer Form | 1 | |
6 total
» buildings
| Graveyard | 1 | |
| Crypt | 1 | |
| Ziggurat | 6 | |
| Altar of Darkness | 1 | |
| Tomb of Relics | 1 | |
| Halls of the Dead | 1 | |
| Slaughterhouse | 1 | |
| Black Citadel | 1 | |
| Sacrificial Pit | 1 | |
| Boneyard | 1 | |
15 total
» build order
00:05 Graveyard
00:07 Crypt
00:26 Ziggurat
00:46 Altar of Darkness
01:36 Ziggurat
01:50 Tomb of Relics
03:55 Ziggurat
05:29 Halls of the Dead
09:18 Slaughterhouse
10:48 Black Citadel
11:32 Sacrificial Pit
11:55 Ziggurat
12:52 Ziggurat
15:38 Ziggurat
16:50 Boneyard
» items
| Rod of Necromancy | 1 | |
| Dust of Appearance | 1 | |
| Scroll of Healing | 1 | |
| Scroll of Protection | 1 | |
| Orb of Corruption | 1 | |
| Scroll of Town Portal | 1 | |
6 total
team 2 (loser)
EXoTiCa (
teal | 181 APM | 3173 actions | 17:31)
3 Priestess of the Moon
2 Trueshot Aura
1 Searing Arrows
» actions
| Assign group hotkey | 352 | |
| Basic commands | 173 | |
| Build / train | 53 | |
| ESC pressed | 9 | |
| Enter build submenu | 9 | |
| Enter hero's abilities submenu | 3 | |
| Remove unit from queue | 1 | |
| Right click | 1103 | |
| Select / deselect | 209 | |
| Select group hotkey | 1207 | |
| Use ability | 54 | |
3173 total
» units
» upgrades
| Ultravision | 1 | |
| Moon Armor | 1 | |
| Strength of the Moon | 1 | |
3 total
» buildings
| Altar of Elders | 1 | |
| Moon Well | 4 | |
| Hunter's Hall | 1 | |
| Ancient of War | 2 | |
8 total
» build order
00:06 Altar of Elders
00:19 Moon Well
01:30 Hunter's Hall
01:41 Ancient of War
02:04 Ancient of War
02:19 Moon Well
03:27 Moon Well
05:09 Moon Well
» items
| Rod of Necromancy | 1 | |
| Scroll of Healing | 1 | |
2 total
ImNotAbusing (
pink | 128 APM | 2241 actions | 17:29)
3 Death Knight
2 Death Coil
1 Unholy Aura
3 Lich
2 Frost Nova
1 Dark Ritual
3 Firelord
2 Summon Lava Spawn
1 Incinerate
» actions
| Assign group hotkey | 50 | |
| Basic commands | 134 | |
| Build / train | 68 | |
| Enter build submenu | 11 | |
| Enter hero's abilities submenu | 9 | |
| Give item / drop item | 1 | |
| Right click | 787 | |
| Select / deselect | 303 | |
| Select group hotkey | 786 | |
| Use ability | 90 | |
2241 total
» units
| Acolyte | 2 | |
| Ghoul | 1 | |
| Crypt Fiend | 16 | |
| Obsidian Statue | 3 | |
| Abomination | 6 | |
28 total
» upgrades
| Creature Attack | 2 | |
| Web | 1 | |
| Disease Cloud | 1 | |
| Creature Carapace | 1 | |
| Destroyer Form | 1 | |
| Burrow | 1 | |
7 total
» buildings
| Graveyard | 1 | |
| Crypt | 1 | |
| Altar of Darkness | 2 | |
| Ziggurat | 5 | |
| Tomb of Relics | 1 | |
| Halls of the Dead | 1 | |
| Black Citadel | 1 | |
| Slaughterhouse | 1 | |
13 total
» build order
00:08 Graveyard
00:11 Crypt
00:31 Altar of Darkness
00:43 Ziggurat
01:09 Tomb of Relics
01:50 Ziggurat
03:28 Halls of the Dead
03:58 Ziggurat
05:49 Black Citadel
06:54 Altar of Darkness
06:55 Slaughterhouse
08:16 Ziggurat
14:02 Ziggurat
» items
| Rod of Necromancy | 3 | |
| Dust of Appearance | 2 | |
| Orb of Corruption | 1 | |
| Potion of Healing | 3 | |
| Scroll of Town Portal | 3 | |
12 total
Chat log
(00:19 / All) timg4strOK: G/L H/F
(17:28 / All) ImNotAbusing: gg
(17:30 / All) timg4strOK: gg
(17:31 / Allies) Rush[yyz]: gg